 Dungeon Crawl Stone Soup version 0.22.1-1-ga44c0e5 (webtiles) character file.

50607 Lavandula the Severer (level 14, 0/115 HPs)
             Began as a Centaur Berserker on Sept 22, 2018.
             Was a High Priest of Trog.
             Drowned by a drowned soul (16 damage)
             ... summoned by a merfolk avatar
             ... on level 1 of the Shoals on Sept 25, 2018.
             The game lasted 01:01:01 (9772 turns).

Lavandula the Severer (Centaur Berserker)           Turns: 9772, Time: 01:01:02

Health: 0/115      AC: 19    Str: 26    XL:     14   Next: 20%
Magic:  0/14       EV:  9    Int: 11    God:    Trog [*****.]
Gold:   680        SH:  0    Dex:  8    Spells: 13/13 levels left

rFire    . . .     SeeInvis .   Q - +4 battleaxe (venom)
rCold    . . .     Gourm    .   (shield currently unavailable)
rNeg     + . .     Faith    .   n - +4 troll leather armour {Purgy}
rPois    .         Spirit   +   S - +0 helmet "Dahoakk" {rElec Regen+ Int+5}
rElec    +         Reflect  .   G - scarf {Spirit}
rCorr    .         Harm     .   s - +0 pair of gloves
MR       ++++.                  l - +3 centaur barding
Stlth    +.........             (no amulet)
HPRegen  2.09/turn              Y - ring of protection from magic
MPRegen  0.14/turn              b - ring of positive energy

@: mesmerised, regenerating, very slow
A: large, hooves 3, deformed body, speed 2, mutation resistance 1, sense
surroundings 1, tough skin 3
a: Berserk, Trog's Hand, Brothers in Arms, Renounce Religion


You were on level 1 of the Shoals.
You worshipped Trog.
Trog was extremely pleased with you.
You were not hungry.

You visited 4 branches of the dungeon, and saw 21 of its levels.
You also visited: Sewer and Ossuary.

You collected 1689 gold pieces.
You spent 1009 gold pieces at shops.

Inventory:

Hand Weapons
 Q - a +4 battleaxe of venom (weapon)
 W - a +0 blowgun
Missiles
 k - 24 tomahawks
 C - 2 javelins (quivered)
 V - a throwing net
 X - 27 poisoned needles
Armour
 l - a +3 centaur barding (worn)
 n - a +4 troll leather armour (worn) {Purgy}
 s - a +0 pair of gloves (worn)
 G - a scarf of spirit shield (worn)
 S - the +0 helmet "Dahoakk" (worn) {rElec Regen+ Int+5}
   (You acquired it on level 2 of the Orcish Mines)

   It affects your intelligence (+5).
   It insulates you from electricity.
   It increases your rate of regeneration.
Magical Staves
 g - an uncursed staff of poison {unknown}
 O - an uncursed staff of wizardry {unknown}
Jewellery
 b - a ring of positive energy (right hand)
 u - an uncursed ring of resist corrosion
 B - an uncursed ring of fire
 I - an uncursed ring of flight
 Y - a ring of protection from magic (left hand)
Wands
 q - a wand of digging (18)
 v - a wand of flame (17)
 x - a wand of enslavement (16)
 H - a wand of polymorph (32)
 M - a wand of iceblast (43)
 R - a wand of clouds (12)
Scrolls
 a - 3 scrolls of amnesia
 j - 11 scrolls of teleportation
 p - 3 scrolls of fear
 r - 2 scrolls of fog
 y - 2 scrolls of immolation
 A - 3 scrolls of enchant weapon
 D - 3 scrolls of blinking
 F - a scroll of holy word
 K - a scroll of silence
 L - 4 scrolls of magic mapping
 N - 3 scrolls of vulnerability
 Z - 2 scrolls of summoning
Potions
 d - 4 potions of might
 e - 4 potions of invisibility
 f - 7 potions of curing
 h - 4 potions of berserk rage
 i - a potion of agility {unknown}
 m - 4 potions of haste
 o - 2 potions of brilliance {unknown}
 t - a potion of magic
 w - 5 potions of flight
 z - a potion of mutation
 E - a potion of ambrosia {unknown}
 J - 2 potions of heal wounds {unknown}
 P - 2 potions of lignification {unknown}
 T - 2 potions of resistance {unknown}
Miscellaneous
 U - a box of beasts
Comestibles
 c - 18 rations


   Skills:
 - Level 8.0 Fighting
 + Level 19.0 Axes
 - Level 4.7 Throwing
 - Level 3.6 Armour
 - Level 5.0 Dodging


You had 13 spell levels left.
You didn't know any spells.
Your spell library contained the following spells:

 Spells                   Type           Power        Failure   Level  Hunger
 Animate Skeleton         Necr           N/A          36%         1    ##.....
 Apportation              Tloc           #.....       36%         1    ##.....
 Confusing Touch          Hex            #.....       36%         1    ##.....
 Corona                   Hex            #......      36%         1    ##.....
 Flame Tongue             Conj/Fire      #....        36%         1    ##.....
 Freeze                   Ice            #...         36%         1    ##.....
 Magic Dart               Conj           #...         36%         1    ##.....
 Summon Small Mammal      Summ           #...         36%         1    ##.....
 Blink                    Tloc           N/A          52%         2    ###....
 Call Imp                 Summ           #.......     52%         2    ###....
 Ensorcelled Hibernation  Hex/Ice        #.....       52%         2    ###....
 Slow                     Hex            #.......     52%         2    ###....
 Confuse                  Hex            #.......     75%         3    ####...
 Conjure Flame            Conj/Fire      #.......     75%         3    ####...
 Dazzling Spray           Conj/Hex       #.....       75%         3    ####...
 Mephitic Cloud           Conj/Pois/Air  #.......     75%         3    ####...
 Tukima's Dance           Hex            #.......     75%         3    ####...
 Summon Ice Beast         Ice/Summ       #.......     98%         4    #####..
 Ozocubu's Refrigeration  Ice            #.........   100%        6    #######
 Ignition                 Fire           #.........   100%        8    #######


Dungeon Overview and Level Annotations

Branches:
Dungeon (11/15)            Temple (0/1) D:7            Lair (6/6) D:11
 Shoals (2/4) Lair:2        Snake (0/4) Lair:3        Slime (0/5) Lair:6
    Orc (2/2) D:9             Elf (0/3) Orc:2

Altars:
Dithmenos
Elyvilon
Kikubaaqudgha
Okawaru
Ru
Uskayaw
Vehumet
Beogh

Shops:
D:10 *   Orc:2 (:?(?

Annotations:
Lair:6 exclusion: 2 oklob plants


Innate Abilities, Weirdness & Mutations

You have hooves in place of feet.
Armour fits poorly on your strangely shaped body.
You cover ground very quickly.
You have extremely tough skin. (AC +3)
You are somewhat resistant to further mutation.
You passively map a small area around you.


Message History

Unknown command.
Okay, then.
Okay, then.
Evoke which item? (* to show all) (? for menu, Esc to quit)
Okay, then.
Blink to where?
Press: ? - help, Dir - move target cursor You cannot blink away from the merfolk avatar!
Blink to where?
Press: ? - help, Dir - move target cursor You cannot blink away from the merfolk avatar!
Blink to where?
Press: ? - help, Dir - move target cursor, f - you
Okay, then.
Unknown command.
Okay, then.
Evoke which item? (* to show all) (? for menu, Esc to quit)
Okay, then.
You feel better. The drowned soul touches you. The drowned soul drowns you!
You die...

≈ ≈ ≈ ≈ ≈≈≈≈≈≈≈≈≈≈≈≈≈≈≈
≈≈≈≈≈≈≈≈≈≈≈≈≈≈≈≈
≈≈≈≈≈≈≈≈≈≈≈≈≈≈≈≈
≈≈≈≈≈≈≈≈≈≈≈≈≈≈≈≈≈≈ ≈
≈≈≈WW≈≈≈≈≈≈≈≈≈≈≈≈≈≈
≈≈≈≈≈≈≈≈≈≈≈≈≈≈≈≈≈ ≈ ≈ ≈
≈≈≈≈≈≈≈m≈≈≈≈≈≈≈≈≈
≈≈≈≈W≈≈@≈≈≈≈≈≈≈≈≈ ,
≈≈≈≈≈≈≈≈≈≈≈≈≈≈≈≈m≈≈..≈≈...
,
≈≈≈≈≈≈≈≈≈≈≈≈≈≈≈≈≈≈.≈≈≈≈...
,
≈≈≈≈≈≈≈≈≈≈≈≈.....≈≈≈.≈≈...
,
≈≈≈≈≈≈≈≈.........≈≈≈≈≈....
,,
≈≈≈≈≈≈.......≈≈≈...≈......
≈≈≈≈≈≈...##...............
,
≈≈..≈≈≈.###.........(.....
* ,
≈.##.≈≈.........≈.##....##
,


You could see a merfolk avatar, a water nymph and 3 drowned souls.

Vanquished Creatures
  The ghost of Ghost6211 the Peltast, a journeyman MiFi of Qazlal (Orc:2)
  A merfolk avatar (Shoals:1)
  A merfolk aquamancer (Shoals:1)
  2 catoblepae
  An ogre mage (Orc:2)
  3 two-headed ogres
  A death yak (Lair:4)
  2 sea snakes
  An orc knight (Orc:1)
  6 harpies
  6 orc sorcerers (Orc:2)
  2 wolf spiders (Lair:6)
  2 manticores (Shoals:1)
  4 oklob plants
  3 elephants (Lair:5)
  A cyclops (D:11)
  A water nymph (Shoals:1)
  A merfolk siren (Shoals:1)
  6 black mambas
  A guardian serpent (Lair:6)
  Psyche (D:9)
  9 spiny frogs
  2 rime drakes
  2 kobold demonologists (D:11)
  5 komodo dragons
  A troll (D:9)
  4 merfolk
  A polar bear (Lair:4)
  Grinder (D:6)
  The ghost of CrazyArbalest the Bolt Thrower, an amateur BaHu (D:6)
  2 wind drakes (Shoals:1)
  6 hippogriffs
  3 hornets
  15 blink frogs
  A snapping turtle (Shoals:1)
  2 redbacks (Lair:6)
  23 yaks
  8 wyverns
  A shadow (D:11)
  2 water elementals (Shoals:1)
  2 basilisks
  A hungry ghost (D:11)
  Grum (D:10)
  A steam dragon (D:7)
  Menkaure (D:4)
  2 wargs (Orc:1)
  A soldier ant (D:11)
  15 water moccasins
  8 porcupines
  Purgy (Sewer)
  13 orc warriors
  A sky beast (D:6)
  A black bear (D:7)
  3 necrophages
  3 ice beasts
  7 ogres
  2 wolves (D:10)
  2 centaurs
  7 crocodiles
  3 big kobolds
  14 bullfrogs
  Blork the orc (D:5)
  2 elf zombies (D:5)
  An elf skeleton (D:5)
  2 scorpions
  3 bullfrog zombies
  A centaur zombie (D:10)
  5 crimson imps
  9 hounds
  A human zombie (D:5)
  3 jellies
  9 orc priests
  24 orc wizards
  2 bullfrog skeletons
  3 worker ants
  A statue (D:7)
  A big kobold zombie (Ossuary)
  A hound zombie (D:5)
  2 mummies (Ossuary)
  14 adders
  An ooze (D:2)
  6 adder zombies
  2 adder skeletons
  3 worms
  3 dart slugs
  4 leopard geckos
  58 orcs
  A bat (D:1)
  2 giant cockroaches
  3 gnoll zombies (Ossuary)
  2 goblins (D:1)
  6 hobgoblins
  16 jackals
  7 kobolds
  5 quokkas
  2 ball pythons (Sewer)
  2 frilled lizards
  11 hobgoblin zombies (Ossuary)
  5 kobold zombies (Ossuary)
  An orc skeleton (D:5)
  6 orc zombies
  A quokka skeleton (D:7)
  8 rats
  6 fungi
  20 plants
491 creatures vanquished.

Vanquished Creatures (collateral kills)
  Rupert (Orc:2)
  Erolcha (Orc:2)
  A hydra (Lair:2)
  The ghost of p0werm0de the Cleaver, a journeyman GnCK of Cheibriados (Orc:2)
  2 orc sorcerers (Orc:2)
  An orc warrior (Orc:2)
  A centaur (D:9)
  An ogre (Orc:2)
  2 orc wizards (Orc:2)
  4 orcs (Orc:2)
15 creatures vanquished.

Vanquished Creatures (others)
  2 orc wizards
  2 orcs (D:7)
  5 fungi (Lair:6)
  7 plants
  5 withered plants (Orc:2)
21 creatures vanquished.

Grand Total: 527 creatures vanquished

Notes
Turn   | Place    | Note
-------+----------+-------------------------------------------
     0 | D:1      | Lavandula the Centaur Berserker began the quest for the
                  | Orb.
     0 | D:1      | Reached XP level 1. HP: 19/19 MP: 1/1
   128 | D:1      | Reached skill level 3 in Axes
   181 | D:1      | Reached XP level 2. HP: 19/26 MP: 2/2
   376 | D:2      | Reached ** piety under Trog
   419 | D:2      | Found a sacrificial altar of Ru.
   422 | D:2      | Reached XP level 3. HP: 31/31 MP: 3/3
   425 | D:2      | Reached skill level 4 in Axes
   473 | D:3      | Found a glowing drain.
   497 | Sewer    | Entered a sewer
   556 | Sewer    | Noticed Purgy
   574 | Sewer    | Killed Purgy
   574 | Sewer    | Reached skill level 5 in Axes
   574 | Sewer    | Reached XP level 4. HP: 38/38 MP: 4/4
   574 | Sewer    | Reached XP level 5. HP: 45/45 MP: 5/5
   727 | D:2      | Found a hide-covered altar of Uskayaw.
   921 | D:4      | Noticed Menkaure
   959 | D:4      | Reached skill level 6 in Axes
   959 | D:4      | Reached XP level 6. HP: 51/51 MP: 6/6
   964 | D:4      | Killed Menkaure
  1048 | D:5      | Entered Level 5 of the Dungeon
  1057 | D:5      | Noticed a slave
  1059 | D:5      | Noticed a slave
  1093 | D:5      | Reached skill level 7 in Axes
  1122 | D:5      | Found the +5 pair of quick blades "Gyre" and "Gimble"
                  | {pierce, Dex-3}
  1190 | D:5      | Reached XP level 7. HP: 57/57 MP: 7/7
  1199 | D:5      | Noticed Blork the orc
  1267 | D:5      | Killed Blork the orc
  1267 | D:5      | Reached skill level 8 in Axes
  1289 | D:5      | Found a sand-covered staircase.
  1350 | Ossuary  | Entered an ossuary
  1394 | Ossuary  | Reached *** piety under Trog
  1630 | D:5      | Found an iron altar of Okawaru.
  1722 | D:5      | Noticed a wyvern
  1728 | D:5      | Killed a wyvern
  1728 | D:5      | Reached skill level 9 in Axes
  1728 | D:5      | Reached XP level 8. HP: 63/63 MP: 8/8
  1988 | D:6      | Reached skill level 10 in Axes
  2002 | D:6      | Found a runed door.
  2007 | D:6      | Noticed CrazyArbalest's ghost (amateur BaHu)
  2019 | D:6      | Killed CrazyArbalest's ghost
  2020 | D:6      | Reached **** piety under Trog
  2020 | D:6      | Reached skill level 5 in Fighting
  2030 | D:6      | Found a runed door.
  2044 | D:6      | Noticed Grinder
  2101 | D:7      | Reached XP level 9. HP: 67/74 MP: 9/9
  2132 | D:7      | Found a staircase to the Ecumenical Temple.
  2204 | D:6      | Killed Grinder
  2204 | D:6      | Reached skill level 11 in Axes
  2763 | D:7      | Found a radiant altar of Vehumet.
  2910 | D:8      | Reached skill level 12 in Axes
  3202 | D:8      | Reached ***** piety under Trog
  3265 | D:8      | Reached XP level 10. HP: 73/81 MP: 10/10
  3294 | D:9      | Noticed Psyche
  3309 | D:9      | Killed Psyche
  3494 | D:9      | Found a white marble altar of Elyvilon.
  3552 | D:9      | Received a gift from Trog
  3564 | D:10     | Entered Level 10 of the Dungeon
  3720 | D:9      | Found a shadowy altar of Dithmenos.
  3734 | D:9      | Found a staircase to the Orcish Mines.
  3931 | D:10     | Noticed a two-headed ogre
  3944 | D:10     | Killed a two-headed ogre
  3973 | D:10     | Noticed a two-headed ogre
  4006 | D:10     | Killed a two-headed ogre
  4144 | D:11     | Found a staircase to the Lair.
  4150 | D:11     | Noticed an oklob plant
  4246 | D:10     | Noticed Grum
  4257 | D:10     | Killed Grum
  4453 | Orc:1    | Entered Level 1 of the Orcish Mines
  4462 | Orc:1    | Reached XP level 11. HP: 94/94 MP: 11/11
  4552 | Orc:1    | Noticed an orc knight
  4592 | Orc:1    | Killed an orc knight
  4687 | Orc:1    | Noticed a two-headed ogre
  4697 | Orc:1    | Killed a two-headed ogre
  4697 | Orc:1    | Reached skill level 5 in Dodging
  4805 | Orc:2    | Entered Level 2 of the Orcish Mines
  4834 | Orc:2    | Found a runed gate.
  4834 | Orc:2    | Found a runed gate.
  4834 | Orc:2    | Found a runed gate.
  4834 | Orc:2    | Noticed p0werm0de's ghost (journeyman GnCK)
  4836 | Orc:2    | Noticed Ghost6211's ghost (journeyman MiFi)
  4899 | Orc:2    | Noticed an orc sorcerer
  4932 | Orc:2    | Killed an orc sorcerer
  4982 | Orc:2    | Found Ityac's Antique Weapon Boutique.
  4990 | Orc:2    | Found a staircase to the Elven Halls.
  5017 | Orc:2    | Noticed Rupert
  5036 | Orc:2    | Killed Rupert
  5282 | Orc:2    | Noticed an orc sorcerer
  5285 | Orc:2    | Noticed an ogre mage
  5289 | Orc:2    | Noticed an orc sorcerer
  5289 | Orc:2    | Noticed an orc sorcerer
  5293 | Orc:2    | Killed an orc sorcerer
  5293 | Orc:2    | Reached skill level 13 in Axes
  5327 | Orc:2    | Killed an orc sorcerer
  5330 | Orc:2    | Killed an ogre mage
  5381 | Orc:2    | Found Ypuocoq's Magic Scroll Emporium.
  5388 | Orc:2    | Killed an orc sorcerer
  5429 | Orc:2    | Found an ancient bone altar of Kikubaaqudgha.
  5429 | Orc:2    | Noticed an orc sorcerer
  5440 | Orc:2    | Killed an orc sorcerer
  5444 | Orc:2    | Found Abudiat's Antique Weapon Emporium.
  5461 | Orc:2    | Noticed Erolcha
  5461 | Orc:2    | Noticed an orc sorcerer
  5466 | Orc:2    | Killed Erolcha
  5468 | Orc:2    | Killed an orc sorcerer
  5468 | Orc:2    | Noticed an orc sorcerer
  5469 | Orc:2    | Reached skill level 14 in Axes
  5470 | Orc:2    | Noticed a sun demon
  5470 | Orc:2    | Found a radiant altar of Vehumet.
  5478 | Orc:2    | Killed an orc sorcerer
  5488 | Orc:2    | Found a roughly hewn altar of Beogh.
  5488 | Orc:2    | Found Voguhaz's Book Shoppe.
  5488 | Orc:2    | Noticed an orc sorcerer
  5490 | Orc:2    | Killed an orc sorcerer
  5495 | Orc:2    | Received a gift from Trog
  5509 | Orc:2    | Found Cemen's Magic Scroll Emporium.
  5518 | Orc:2    | Bought a scroll of acquirement for 780 gold pieces
  5519 | Orc:2    | Got a shimmering helmet
  5525 | Orc:2    | Identified the +0 helmet "Dahoakk" {rElec Regen+ Int+5}
                  | (You acquired it on level 2 of the Orcish Mines)
  5525 | Orc:2    | Bought a scroll of teleportation for 45 gold pieces
  5567 | Orc:2    | Bought a scroll of summoning for 152 gold pieces
  5567 | Orc:2    | Bought a scroll of identify for 32 gold pieces
  5616 | Orc:2    | Killed Ghost6211's ghost
  5616 | Orc:2    | Reached XP level 12. HP: 101/101 MP: 12/12
  5619 | Orc:2    | Killed p0werm0de's ghost
  5822 | D:10     | Found Eloahar's General Store.
  5901 | D:11     | Received a gift from Trog
  5954 | D:11     | Reached skill level 15 in Axes
  6023 | Lair:1   | Entered Level 1 of the Lair of Beasts
  6366 | Lair:3   | Found a staircase to the Snake Pit.
  6527 | Lair:5   | Identified the Volume of the Burning Frostbite
  6667 | Lair:6   | Entered Level 6 of the Lair of Beasts
  6669 | Lair:6   | Noticed a catoblepas
  6680 | Lair:6   | Killed a catoblepas
  6762 | Lair:6   | Found a staircase to the Slime Pits.
  6825 | Lair:6   | Reached skill level 16 in Axes
  7047 | Lair:5   | Reached XP level 13. HP: 81/106 MP: 10/13
  7147 | Lair:6   | Reached skill level 17 in Axes
  7987 | Lair:2   | Reached skill level 18 in Axes
  8471 | Lair:3   | Received a gift from Trog
  8578 | Lair:3   | Gained mutation: You passively map a small area around you.
                  | [potion of mutation]
  8578 | Lair:3   | Gained mutation: You are weak. (Str -2) [potion of
                  | mutation]
  8578 | Lair:3   | Lost mutation: You are weak. (Str -2) [potion of mutation]
  8578 | Lair:3   | Gained mutation: You are somewhat resistant to further
                  | mutation. [potion of mutation]
  9310 | Lair:2   | Found a staircase to the Shoals.
  9316 | Shoals:1 | Entered Level 1 of the Shoals
  9415 | Shoals:1 | Reached XP level 14. HP: 21/114 MP: 2/14
  9705 | Shoals:2 | Reached skill level 19 in Axes
  9771 | Shoals:1 | HP: 3/115 [water nymph/the raging water (26)]
  9772 | Shoals:1 | Drowned by a drowned soul

Skill      XL: |  1  2  3  4  5  6  7  8  9 10 11 12 13 14 |
---------------+-------------------------------------------+-----
Axes           | 3 5 6 7 9 10 12 14 16 18 19 | 19.0
Fighting       | 5 8 |  8.0
Dodging        | 3 5 |  5.0
Armour         | 3 |  3.6
Throwing       | 4 |  4.7

Action                   |  1- 3 |  4- 6 |  7- 9 | 10-12 | 13-15 || total
-------------------------+-------+-------+-------+-------+-------++-------
Melee: Hand axe          |    80 |    69 |   445 |   296 |       ||   890
       Kick              |    17 |    19 |   109 |   148 |    90 ||   383
       Whip              |       |       |       |     6 |       ||     6
       Battleaxe         |       |       |       |   228 |   343 ||   571
 Fire: Blowgun           |       |       |       |     8 |       ||     8
Throw: Tomahawk          |       |       |     1 |       |     1 ||     2
       Javelin           |       |       |       |       |     3 ||     3
Invok: Berserk           |     3 |     3 |     9 |    10 |     5 ||    30
       Trog's Hand       |       |     2 |     7 |     9 |    10 ||    28
       Brothers in Arms  |       |       |       |     4 |     1 ||     5
Evoke: Wand              |       |       |       |     1 |       ||     1
  Use: Scroll            |     3 |     5 |     7 |    10 |     8 ||    33
       Potion            |       |     2 |       |       |     3 ||     5
 Stab: Petrified         |       |       |       |       |     5 ||     5
  Eat: Chunk             |     1 |     4 |    12 |    26 |    13 ||    56
       Ration            |       |       |     2 |       |     1 ||     3
Armor: Animal skin       |    29 |       |       |       |       ||    29
       Troll leather arm |       |    46 |   217 |   214 |   142 ||   619
       Skin              |       |       |    18 |       |       ||    18
Dodge: Dodged            |    22 |    27 |   127 |   147 |   140 ||   463
